| TOP OF THE 1ST |
|
Bluefield Blue Jays batting - Pitching for Burlington Royals : RHP Jerry Yusko
|
|
Pitching: RHP Jerry Yusko
|
|
|
Batting: RHB Jake Bronner
|
0-0: Ball 1-0: Swinging Strike 1-1: Ball 2-1: Ball 3-1: Bunt missed! 3-2: Ground out 6-3 (Groundball, 6, EV 93.1 MPH)
|
|
Batting: LHB Lothar Middelkoop
|
0-0: Hit by Pitch
|
|
Batting: RHB John Rios
|
0-0: Ball 1-0: Ball 2-0: Called Strike 2-1: Ball 3-1: Grounds into double play, 6-4-3 (Groundball, 6, EV 103.8 MPH)
|
| Top of the 1st over - 0 runs, 0 hits, 0 errors, 0 left on base; Bluefield 0 - Burlington 0 |
| BOTTOM OF THE 1ST |
|
Burlington Royals batting - Pitching for Bluefield Blue Jays : RHP Bob Markle
|
|
Pitching: RHP Bob Markle
|
|
|
Batting: RHB Shura Mogilny
|
0-0: Ball 1-0: Called Strike 1-1: DOUBLE (Flyball, 78XD, EV 100.0 MPH)
|
|
Batting: RHB Tim Williams
|
0-0: Ball 1-0: Foul Ball, location: 2F 1-1: Ball 2-1: Foul Ball, location: 2F 2-2: Ball 3-2: Fly out, F7 (Line Drive, 78M, EV 95.0 MPH)
|
|
Batting: SHB Alex Cavazos
|
0-0: Called Strike 0-1: Ball 1-1: Ball 2-1: Foul Ball, location: 2F 2-2: Foul Ball, location: 2F 2-2: Ball 3-2: Foul Ball, location: 2F 3-2: Ground out 6-3 (Groundball, 6, EV 90.6 MPH) Shura Mogilny to third
|
|
Batting: RHB Hugo Chavez
|
0-0: Ball 1-0: Fly out, F8 (Flyball, 8RS, EV 85.6 MPH)
|
| Bottom of the 1st over - 0 runs, 1 hit, 0 errors, 1 left on base; Bluefield 0 - Burlington 0 |
| TOP OF THE 2ND |
|
Bluefield Blue Jays batting - Pitching for Burlington Royals : RHP Jerry Yusko
|
|
Batting: RHB Terry Plumley
|
0-0: Swinging Strike 0-1: Ball 1-1: SOLO HOME RUN (Flyball, 7LD, EV 91.9 MPH), Distance : 350 ft
|
|
Batting: LHB Nate Greening
|
0-0: Called Strike 0-1: Foul Ball, location: 2F 0-2: Ball 1-2: Foul Ball, location: 2F 1-2: Ball 2-2: Foul Ball, location: 2F 2-2: Foul Ball, location: 2F 2-2: Strikes out looking
|
|
Pitching: RHP Chance Griffin
|
|
|
Batting: RHB Mike Johnson
|
0-0: Ball 1-0: DOUBLE (Popup, 5D, EV 50.0 MPH)
|
|
Batting: RHB Jorge Cruz
|
0-0: 2-RUN HOME RUN (Flyball, 7D, EV 97.5 MPH), Distance : 377 ft
|
|
Batting: RHB Lao-che Zhu
|
0-0: Called Strike 0-1: Foul Ball, location: 2F 0-2: Ball 1-2: Ground out 5-3 (Groundball, 5L, EV 88.1 MPH)
|
|
Batting: RHB Jorge Alva
|
0-0: Called Strike 0-1: Called Strike 0-2: Fly out, F6 (Line Drive, 6M, EV 62.5 MPH)
|
| Top of the 2nd over - 3 runs, 3 hits, 0 errors, 0 left on base; Bluefield 3 - Burlington 0 |
| BOTTOM OF THE 2ND |
|
Burlington Royals batting - Pitching for Bluefield Blue Jays : RHP Bob Markle
|
|
Batting: RHB Masakuni Takeuchi
|
0-0: Called Strike 0-1: Ball 1-1: Ground out 4-3 (Groundball, 4MS, EV 64.4 MPH)
|
|
Batting: RHB Jason Conner
|
0-0: Swinging Strike 0-1: Ball 1-1: Swinging Strike 1-2: Strikes out swinging
|
|
Batting: RHB David Rubio
|
0-0: Ball 1-0: Called Strike 1-1: Swinging Strike 1-2: Foul Ball, location: 2F 1-2: Ball 2-2: Strikes out swinging
|
| Bottom of the 2nd over - 0 runs, 0 hits, 0 errors, 0 left on base; Bluefield 3 - Burlington 0 |
| TOP OF THE 3RD |
|
Bluefield Blue Jays batting - Pitching for Burlington Royals : RHP Chance Griffin
|
|
Batting: RHB Jake Bronner
|
0-0: Swinging Strike 0-1: Ball 1-1: Reached on error, E6 (Groundball, 56, EV 77.5 MPH)
|
|
Batting: LHB Lothar Middelkoop
|
0-0: Called Strike 0-1: Ball 1-1: Called Strike 1-2: Fly out, F7 (Flyball, 7LS, EV 84.4 MPH)
|
|
Batting: RHB John Rios
|
0-0: Ball Jake Bronner steals 2nd base 1-0: Foul Ball, location: 2F 1-1: Ball 2-1: Ball 3-1: Called Strike 3-2: Reached on error, E6 (Groundball, 6, EV 88.8 MPH) Jake Bronner to third
|
|
Batting: RHB Terry Plumley
|
0-0: Ball 1-0: Ball Wild Pitch! Jake Bronner scores John Rios to second 2-0: Fly out, F7 (Flyball, 7LS, EV 86.2 MPH)
|
|
Batting: LHB Nate Greening
|
0-0: Hit by Pitch
|
|
Batting: RHB Mike Johnson
|
0-0: Ground out 6-3 (Groundball, 6M, EV 97.5 MPH)
|
| Top of the 3rd over - 1 run, 0 hits, 2 errors, 2 left on base; Bluefield 4 - Burlington 0 |
| BOTTOM OF THE 3RD |
|
Burlington Royals batting - Pitching for Bluefield Blue Jays : RHP Bob Markle
|
|
Batting: RHB Juan Nieves
|
0-0: Called Strike 0-1: Called Strike 0-2: Ground out 6-3 (Groundball, 56D, EV 97.5 MPH)
|
|
Batting: LHB Jayden Pelayo
|
0-0: Called Strike 0-1: Ball 1-1: Called Strike 1-2: Ball 2-2: Strikes out swinging
|
|
Batting: RHB Shura Mogilny
|
0-0: Swinging Strike 0-1: SINGLE (Line Drive, 4D, EV 108.8 MPH)
|
|
Batting: RHB Tim Williams
|
0-0: Ball Shura Mogilny steals 2nd base (no throw) 1-0: Called Strike 1-1: Foul Ball, location: 2F 1-2: Ball 2-2: Ground out 4-3 (Groundball, 4M, EV 94.4 MPH)
|
| Bottom of the 3rd over - 0 runs, 1 hit, 0 errors, 1 left on base; Bluefield 4 - Burlington 0 |
| TOP OF THE 4TH |
|
Bluefield Blue Jays batting - Pitching for Burlington Royals : RHP Chance Griffin
|
|
Batting: RHB Jorge Cruz
|
0-0: Ground out 5-3 (Groundball, 56S, EV 81.9 MPH)
|
|
Batting: RHB Lao-che Zhu
|
0-0: Swinging Strike 0-1: Ground out 5-3 (Groundball, 56S, EV 88.8 MPH)
|
|
Batting: RHB Jorge Alva
|
0-0: Swinging Strike 0-1: Ball 1-1: Ball 2-1: Ground out 5-3 (Groundball, 56, EV 105.0 MPH)
|
| Top of the 4th over - 0 runs, 0 hits, 0 errors, 0 left on base; Bluefield 4 - Burlington 0 |
| BOTTOM OF THE 4TH |
|
Burlington Royals batting - Pitching for Bluefield Blue Jays : RHP Bob Markle
|
|
Batting: SHB Alex Cavazos
|
0-0: Ground out 1-3 (Groundball, 34S, EV 60.0 MPH)
|
|
Batting: RHB Hugo Chavez
|
0-0: Called Strike 0-1: Foul Ball, location: 2F 0-2: Foul Ball, location: 2F 0-2: Strikes out looking
|
|
Batting: RHB Masakuni Takeuchi
|
0-0: Called Strike 0-1: Swinging Strike 0-2: Strikes out swinging
|
| Bottom of the 4th over - 0 runs, 0 hits, 0 errors, 0 left on base; Bluefield 4 - Burlington 0 |
| TOP OF THE 5TH |
|
Bluefield Blue Jays batting - Pitching for Burlington Royals : RHP Chance Griffin
|
|
Batting: RHB Jake Bronner
|
0-0: Foul Ball, location: 2F 0-1: Foul Ball, location: 2F 0-2: Foul Ball, location: 2F 0-2: Ball 1-2: Hit by Pitch
|
|
Pitching: RHP Obiniana Gaters
|
|
|
Batting: LHB Lothar Middelkoop
|
0-0: 2-RUN HOME RUN (Flyball, 8LXD, EV 111.9 MPH), Distance : 446 ft
|
|
Batting: RHB John Rios
|
0-0: Foul Ball, location: 2F 0-1: Ball 1-1: DOUBLE (Groundball, 5L, EV 94.4 MPH)
|
|
Batting: RHB Terry Plumley
|
0-0: Ball 1-0: Swinging Strike 1-1: Foul Ball, location: 2F 1-2: Ball 2-2: Ball 3-2: Foul Ball, location: 2F 3-2: Foul Ball, location: 2F 3-2: Foul Ball, location: 2F 3-2: Foul Ball, location: 2F 3-2: Foul Ball, location: 2F 3-2: Foul Ball, location: 2F 3-2: Foul Ball, location: 2F 3-2: 2-RUN HOME RUN (Line Drive, 89XD, EV 105.6 MPH), Distance : 405 ft
|
|
Batting: LHB Nate Greening
|
0-0: Called Strike 0-1: Foul Ball, location: 2F 0-2: Foul Ball, location: 2F 0-2: Ball 1-2: Ball 2-2: Foul Ball, location: 2F 2-2: Foul Ball, location: 2F 2-2: Strikes out swinging
|
|
Batting: RHB Mike Johnson
|
0-0: Swinging Strike 0-1: Ball 1-1: Foul Ball, location: 2F 1-2: Ground out 6-3 (Groundball, P, EV 83.8 MPH)
|
|
Batting: RHB Jorge Cruz
|
0-0: Ball 1-0: Fly out, F9 (Flyball, 89D, EV 93.8 MPH)
|
| Top of the 5th over - 4 runs, 3 hits, 0 errors, 0 left on base; Bluefield 8 - Burlington 0 |
| BOTTOM OF THE 5TH |
|
Burlington Royals batting - Pitching for Bluefield Blue Jays : RHP Bob Markle
|
|
Batting: RHB Jason Conner
|
0-0: Ball 1-0: Called Strike 1-1: Fly out, F3 (Popup, 3SF, EV 71.9 MPH)
|
|
Batting: RHB David Rubio
|
0-0: Called Strike 0-1: Ball 1-1: Foul Ball, location: 2F 1-2: Strikes out swinging
|
|
Batting: RHB Juan Nieves
|
0-0: Ball 1-0: Ball 2-0: Called Strike 2-1: Ball 3-1: Base on Balls
|
|
Batting: LHB Jayden Pelayo
|
0-0: Ball 1-0: Called Strike 1-1: Foul Ball, location: 2F 1-2: Ball 2-2: Strikes out looking
|
| Bottom of the 5th over - 0 runs, 0 hits, 0 errors, 1 left on base; Bluefield 8 - Burlington 0 |
| TOP OF THE 6TH |
|
Bluefield Blue Jays batting - Pitching for Burlington Royals : RHP Obiniana Gaters
|
|
Batting: RHB Lao-che Zhu
|
0-0: Ground out 3-1 (Groundball, 13, EV 88.8 MPH)
|
|
Pitching: RHP Reginald Larnach
|
|
|
Batting: RHB Jorge Alva
|
0-0: Swinging Strike 0-1: Ground out 6-3 (Groundball, 6, EV 89.4 MPH)
|
|
Batting: RHB Jake Bronner
|
0-0: Called Strike 0-1: Ball 1-1: Ball 2-1: Ball 3-1: Base on Balls
|
|
Batting: LHB Lothar Middelkoop
|
0-0: Ball 1-0: Ball 2-0: Called Strike 2-1: Ball 3-1: Foul Ball, location: 2F 3-2: Hit by Pitch Jake Bronner to second
|
|
Batting: RHB John Rios
|
0-0: Ball 1-0: Ball 2-0: Called Strike 2-1: Called Strike 2-2: Strikes out swinging
|
| Top of the 6th over - 0 runs, 0 hits, 0 errors, 2 left on base; Bluefield 8 - Burlington 0 |
| BOTTOM OF THE 6TH |
|
Burlington Royals batting - Pitching for Bluefield Blue Jays : RHP Bob Markle
|
|
Batting: RHB Shura Mogilny
|
0-0: TRIPLE (Flyball, 89XD, EV 106.9 MPH)
|
|
Batting: RHB Tim Williams
|
0-0: Ball 1-0: Foul Ball, location: 2F 1-1: Called Strike 1-2: Ball 2-2: SINGLE (Line Drive, 56D, EV 103.8 MPH) Shura Mogilny scores
|
|
Batting: SHB Alex Cavazos
|
0-0: Called Strike 0-1: Fly out, F7 (Flyball, 78XD, EV 93.8 MPH)
|
|
Batting: RHB Hugo Chavez
|
0-0: Grounds into double play, 6-4-3 (Groundball, 6, EV 93.8 MPH)
|
| Bottom of the 6th over - 1 run, 2 hits, 0 errors, 0 left on base; Bluefield 8 - Burlington 1 |
| TOP OF THE 7TH |
|
Bluefield Blue Jays batting - Pitching for Burlington Royals : RHP Reginald Larnach
|
|
Batting: RHB Terry Plumley
|
0-0: Foul Ball, location: 2F 0-1: Foul Ball, location: 2F 0-2: Ball 1-2: Fly out, F8 (Flyball, 78D, EV 96.9 MPH)
|
|
Batting: LHB Nate Greening
|
0-0: Foul Ball, location: 2F 0-1: Ground out 5-3 (Groundball, 5, EV 86.2 MPH)
|
|
Batting: RHB Mike Johnson
|
0-0: Ball 1-0: Foul Ball, location: 2F 1-1: DOUBLE (Line Drive, 3D, EV 105.6 MPH)
|
|
Batting: RHB Jorge Cruz
|
0-0: Called Strike 0-1: Called Strike 0-2: DOUBLE (Flyball, 7LD, EV 100.0 MPH) Mike Johnson scores
|
|
Pinch Hitting: RHB Dustin Bargman
|
0-0: Ball Passed Ball! Jorge Cruz to third 1-0: 2-RUN HOME RUN (Flyball, 7LD, EV 97.5 MPH), Distance : 347 ft
|
|
Pinch Hitting: RHB Mike Chamberlain
|
0-0: Ball 1-0: Called Strike 1-1: Ball 2-1: Ground out U3 (Groundball, 34S, EV 81.9 MPH)
|
| Top of the 7th over - 3 runs, 3 hits, 0 errors, 0 left on base; Bluefield 11 - Burlington 1 |
| BOTTOM OF THE 7TH |
|
Burlington Royals batting - Pitching for Bluefield Blue Jays : RHP Bob Markle
|
|
Now at 3B: Dustin Bargman
|
|
|
Now in CF: Jake Bronner
|
|
|
Now in RF: Mike Chamberlain
|
|
|
Batting: RHB Masakuni Takeuchi
|
0-0: Swinging Strike 0-1: Ground out 5-3 (Groundball, 56, EV 99.4 MPH)
|
|
Batting: RHB Jason Conner
|
0-0: Called Strike 0-1: Ground out 4-3 (Groundball, 4, EV 78.1 MPH)
|
|
Batting: RHB David Rubio
|
0-0: Called Strike 0-1: Foul Ball, location: 2F 0-2: Fly out, F7 (Flyball, 7, EV 96.9 MPH)
|
| Bottom of the 7th over - 0 runs, 0 hits, 0 errors, 0 left on base; Bluefield 11 - Burlington 1 |
| TOP OF THE 8TH |
|
Bluefield Blue Jays batting - Pitching for Burlington Royals : RHP Reginald Larnach
|
|
Pitching: RHP Brett Essary
|
|
|
Batting: RHB Jake Bronner
|
0-0: Called Strike 0-1: Ball 1-1: SINGLE (Groundball, 4D, EV 98.8 MPH)
|
|
Batting: LHB Lothar Middelkoop
|
0-0: Ball 1-0: Ball 2-0: DOUBLE (Line Drive, 9LD, EV 106.9 MPH) Jake Bronner to third Runner from 3rd tries for Home, SAFE, throw by RF to trailing runner, SAFE at third!
|
|
Batting: RHB John Rios
|
0-0: Called Strike 0-1: Ball Passed Ball! Lothar Middelkoop scores 1-1: Fly out, F8 (Flyball, 8LD, EV 91.2 MPH)
|
|
Batting: RHB Terry Plumley
|
0-0: Ball 1-0: Ball 2-0: Called Strike 2-1: Ball 3-1: Base on Balls
|
|
Batting: LHB Nate Greening
|
0-0: Swinging Strike 0-1: Ball 1-1: Foul Ball, location: 2F 1-2: Strikes out looking
|
|
Batting: RHB Mike Johnson
|
0-0: Called Strike 0-1: Swinging Strike 0-2: Foul Ball, location: 2F 0-2: Strikes out swinging
|
| Top of the 8th over - 2 runs, 2 hits, 0 errors, 1 left on base; Bluefield 13 - Burlington 1 |
| BOTTOM OF THE 8TH |
|
Burlington Royals batting - Pitching for Bluefield Blue Jays : RHP Bob Markle
|
|
Batting: RHB Juan Nieves
|
0-0: Ball 1-0: Ball 2-0: Called Strike 2-1: Ball 3-1: Base on Balls
|
|
Batting: LHB Jayden Pelayo
|
0-0: Foul Ball, location: 2F 0-1: Ball 1-1: Foul Ball, location: 2F 1-2: Strikes out looking
|
|
Batting: RHB Shura Mogilny
|
0-0: Ball 1-0: Ball 2-0: Grounds into double play, 5-4-3 (Groundball, 56, EV 100.6 MPH)
|
| Bottom of the 8th over - 0 runs, 0 hits, 0 errors, 0 left on base; Bluefield 13 - Burlington 1 |
| TOP OF THE 9TH |
|
Bluefield Blue Jays batting - Pitching for Burlington Royals : RHP Brett Essary
|
|
Batting: RHB Jorge Cruz
|
0-0: Called Strike 0-1: Foul Ball, location: 2F 0-2: Strikes out swinging
|
|
Batting: RHB Dustin Bargman
|
0-0: Called Strike 0-1: Foul Ball, location: 2F 0-2: Strikes out looking
|
|
Batting: RHB Mike Chamberlain
|
0-0: Fly out, F9 (Flyball, 89M, EV 97.5 MPH)
|
| Top of the 9th over - 0 runs, 0 hits, 0 errors, 0 left on base; Bluefield 13 - Burlington 1 |
| BOTTOM OF THE 9TH |
|
Burlington Royals batting - Pitching for Bluefield Blue Jays : RHP Bob Markle
|
|
Pinch Hitting: RHB Angel Melendez
|
0-0: Ball 1-0: Foul Ball, location: 2F 1-1: Foul Ball, location: 2F 1-2: Ball 2-2: Strikes out swinging
|
|
Batting: SHB Alex Cavazos
|
0-0: Foul Ball, location: 2F 0-1: Foul Ball, location: 2F 0-2: Strikes out swinging
|
|
Pitching: RHP Jason Hanson
|
|
|
Batting: RHB Hugo Chavez
|
0-0: Ball 1-0: Called Strike 1-1: Called Strike 1-2: SINGLE (Groundball, 34D, EV 99.4 MPH)
|
|
Batting: RHB Masakuni Takeuchi
|
0-0: Called Strike 0-1: Swinging Strike 0-2: Ball 1-2: Strikes out swinging
|
| Bottom of the 9th over - 0 runs, 1 hit, 0 errors, 1 left on base; Bluefield 13 - Burlington 1 |
|